 Dungeon Crawl Stone Soup version 0.20-a0-760-g49f5558 (webtiles) character file.

37 polly the Ducker (level 3, -3/28 HPs)
             Began as a Demonspawn Gladiator on Feb 25, 2017.
             Slain by a worm (7 damage)
             ... on level 2 of the Dungeon.
             The game lasted 00:01:32 (1181 turns).

polly the Ducker (Demonspawn Gladiator)             Turns: 1181, Time: 00:01:32

Health: -3/28      AC:  5    Str: 15    XL:     3   Next: 23%
Magic:  3/3        EV:  8    Int:  9    God:
Gold:   53         SH: 10    Dex: 14    Spells: 2/2 levels left

rFire    . . .     SeeInvis .   a - +0 long sword
rCold    + . .     Gourm    .   b - +0 leather armour
rNeg     . . .     Faith    .   l - +0 large shield
rPois    .         Spirit   .   c - +0 helmet
rElec    .         Reflect  .   i - +0 cloak
rCorr    .         Harm     .   (no gloves)
MR       .....                  (no boots)
Stlth    +.........             (no amulet)
Regen    0.1/turn               (no ring)
MPRegen  0.1/turn               (no ring)

@: no status effects
A: cold resistance 1, freezing cloud immunity
a: no special abilities


You were on level 2 of the Dungeon.
You were very hungry.

You visited 1 branch of the dungeon, and saw 2 of its levels.

You collected 53 gold pieces.

Inventory:

Hand Weapons
 a - a +0 long sword (weapon)
Missiles
 d - 3 throwing nets (quivered)
Armour
 b - a +0 leather armour (worn)
 c - a +0 helmet (worn)
 i - a +0 cloak (worn)
 l - a +0 large shield (worn)
Jewellery
 j - a +5 ring of protection {unknown}
 o - an uncursed amulet of harm {unknown}
Scrolls
 e - a scroll of enchant weapon {unknown}
 h - 3 scrolls of remove curse {unknown}
 n - a scroll of teleportation {unknown}
 p - a scroll of immolation {unknown}
 s - a scroll of identify {unknown}
Potions
 k - a potion of flight {unknown}
 m - 2 potions of brilliance {unknown}
 r - a potion of curing {unknown}
Comestibles
 f - 2 bread rations
 g - 3 fruits
 q - a meat ration


   Skills:
 + Level 2.3 Fighting
 + Level 3.1 Long Blades
 + Level 1.8 Throwing
 + Level 0.5 Armour
 + Level 3.2 Dodging


You had 2 spell levels left.
You didn't know any spells.

Dungeon Overview and Level Annotations

Branches:
Dungeon (2/15)

Altars:


Innate Abilities, Weirdness & Mutations

Your flesh is cold resistant. (rC+)
You are immune to freezing clouds.


Message History

The kobold throws a stone.
You block the stone. The worm closely misses you.
You see here 2 stones.
You see here a stone.
You barely miss the frilled lizard.
The kobold throws a stone.
The stone hits you but does no damage. The frilled lizard barely misses you.
You hit the frilled lizard.
You kill the frilled lizard!
You closely miss the kobold. You block the kobold's attack.
You slash the kobold!
You kill the kobold!
You are feeling very hungry.
The worm bites you!
Things that are here:
a stone; a kobold corpse You hit the worm but do no damage.
The worm is lightly wounded.
The worm bites you.
* * * LOW HITPOINT WARNING * * *
The worm bites you!
You die...

##. #. #.........#.# ##### #..
.. #...........# #.... ...#.
#.#.##.#....## #.### ##+#.#.
#......#.....####.# .......
#####..#..........#
...).#.#####....#.#........#
...$............#.#.#.##...#
......†.((..w####.#.#.#....###
....#..#####w@........#.......
. ..... #.####.#.)....#####
....... #......####.......#
....... ######## #.#.###.#
.)..... #..#.# #.# .......
##########.##.# #.# .......
#........#. ..# #.#
#........########.#
#........##.......#


You could see 2 worms.

Vanquished Creatures
  A dart slug (D:2)
  A leopard gecko (D:1)
  2 giant cockroaches
  3 goblins (D:1)
  6 hobgoblins
  4 jackals (D:1)
  2 bats (D:1)
  2 frilled lizards
  3 kobolds
  8 rats
32 creatures vanquished.

Notes
Turn   | Place    | Note
-------+----------+-------------------------------------------
     0 | D:1      | polly the Demonspawn Gladiator began the quest for the Orb.
     0 | D:1      | Reached XP level 1. HP: 16/16 MP: 1/1
   147 | D:1      | Gained mutation: Your flesh is cold resistant. (rC+) [demonic ancestry]
   147 | D:1      | Reached XP level 2. HP: 9/22 MP: 2/2
   865 | D:1      | Gained mutation: You are immune to freezing clouds. [demonic ancestry]
   865 | D:1      | Reached XP level 3. HP: 26/28 MP: 3/3
  1181 | D:2      | Slain by a worm

Vault maps used:
D:1:      kilobyte_arrival_exit_the_forest, minmay_misc_feat_diagonals
D:2:      eino_tiny_chamber, uniq_iyjb

Skill      XL: |  1  2 |
---------------+-------+-----
Dodging        | 3 |  3.2
Long Blades    | 3 |  3.1
Fighting       | |  2.3
Throwing       | |  1.8
Armour         | |  0.5

Action                   || total
-------------------------++-------
Melee: Long sword        ||    86
Armor: Leather armour    ||    34
Dodge: Dodged            ||    50
Block: Large shield      ||    27
       Rpst.: Long sword ||    16
